 Dungeon Crawl Stone Soup version 0.27-a0-1555-g0e7b3fb1d2 (webtiles) character file.

Game seed: 2424625157540270427

117 Sin92 the Skirmisher (level 4, -1/37 HPs)
             Began as a Demonspawn Fighter on July 14, 2021.
             Slain by a hobgoblin (2 damage)
             ... on level 3 of the Dungeon.
             The game lasted 00:02:25 (2008 turns).

Sin92 the Skirmisher (Demonspawn Fighter)           Turns: 2008, Time: 00:02:26

Health: -1/37      AC: 10    Str: 16    XL:     4   Next: 71%
Magic:  4/4        EV:  4    Int: 10    God:
Gold:   126        SH: 13    Dex: 13    Spells: 3/3 levels left

rFire    . . .     SeeInvis .   a - +0 long sword
rCold    . . .     Faith    .   c - +0 kite shield
rNeg     . . .     Spirit   .   g - +1 chain mail
rPois    .         Reflect  .   (helmet restricted)
rElec    .         Harm     .   (no cloak)
rCorr    .         Rampage  .   (no gloves)
Will     .....                  (no boots)
Stlth    ..........             f - amulet of magic regeneration
HPRegen  0.12/turn              (no ring)
MPRegen  0.34/turn              (no ring)

@: attractive
A: horns 1, large bone plates 1, powered by pain 1
a: no special abilities


You were on level 3 of the Dungeon.
You visited 1 branch of the dungeon, and saw 3 of its levels.

You collected 126 gold pieces.

Inventory:

Hand Weapons
 a - a +0 long sword (weapon)
Armour
 b - a +0 scale mail
 c - a +0 kite shield (worn)
 g - a +1 chain mail (worn)
Jewellery
 f - an amulet of magic regeneration (around neck)
Wands
 d - a wand of digging (3)


   Skills:
 + Level 3.6 Fighting
 + Level 2.5 Long Blades
 + Level 3.2 Armour
 + Level 1.5 Dodging
 + Level 3.2 Shields


You had 3 spell levels left.
You didn't know any spells.
Your spell library contained the following spells:

 Spells                   Type           Power      Damage    Failure   Level
 Ensorcelled Hibernation  Hex/Ice        0%         N/A       100%        2
 Spider Form              Tmut/Pois      0%         N/A       100%        3
 Shadow Creatures         Summ           N/A        N/A       100%        6


Dungeon Overview and Level Annotations

Branches:
Dungeon (3/15)

Altars:
Trog
Xom


Innate Abilities, Weirdness & Mutations

You have a pair of small horns on your head.
You are partially covered in large bone plates. (SH +4)
You sometimes gain a little power by taking damage.


Message History

You block the hobgoblin's attack. The goblin barely misses you.
You hit the hobgoblin.
The hobgoblin is severely wounded.
You block the hobgoblin's attack. x2; The goblin hits you but does no damage.
You block the hobgoblin's attack. The hobgoblin hits you.
* * * LOW HITPOINT WARNING * * *
You hit the hobgoblin but do no damage.
You headbutt the hobgoblin, but do no damage.
The hobgoblin is severely wounded.
The goblin hits you with a +0 club.
* * * LOW HITPOINT WARNING * * *
The hobgoblin hits you but does no damage. x2
The goblin hits you but does no damage.
It was a potion of attraction.
You feel attractive to monsters. You block the hobgoblin's attack.
The hobgoblin hits you but does no damage.
The goblin hits you but does no damage.
Okay, then.
As you read the scroll labelled LAUMUAK PICRIB, it crumbles to dust.
It is a scroll of amnesia.
You feel forgetful for a moment. You block the hobgoblin's attack. x2
The goblin hits you with a +0 club.
* * * LOW HITPOINT WARNING * * *
As you read the scroll labelled QOJONE NUHUNO, it crumbles to dust.
It is a scroll of identify.
You don't have any unidentified items.
You block the hobgoblin's attack. x2; The goblin barely misses you.
You hit the goblin.
The goblin is almost dead.
You block the hobgoblin's attack.
The hobgoblin hits you but does no damage.
The goblin hits you but does no damage.
The hobgoblin hits you but does no damage. x2
Unknown command.
You closely miss the goblin.
The goblin is almost dead.
The goblin barely misses you. You block the hobgoblin's attack.
The hobgoblin hits you.
You die...

##.#..#.#....#.##....
#....#.######..#....
#.#.##.#######.##
...#.##..........#
.#.#.##.#######..# .
#. #########..###.#
.............#
#...##g###..#
#..##.≈@## .#
..##.^#gg## # .
#.≈.♣rl≈# ..#..≈.r".#
..⌠≈.#_...⌠.....
###..._.^≈#.####
#.#_^?.^#.# ##♣≈..≈##
# #♣^.##


You could see a quokka, 2 hobgoblins, a goblin, a frilled lizard and a rat.

Vanquished Creatures
  Ijyb (D:3)
  A hound skeleton (D:2)
  An adder (D:2)
  A shadow imp (D:3)
  2 worms (D:2)
  A dart slug (D:3)
  2 ball pythons
  4 endoplasms
  2 giant cockroaches
  5 goblins
  3 hobgoblins
  9 jackals
  2 quokkas
  5 bats
  4 frilled lizards
  3 kobolds
  7 rats
53 creatures vanquished.

Notes
Turn   | Place    | Note
-------+----------+-------------------------------------------
     0 | D:1      | Sin92 the Demonspawn Fighter began the quest for the Orb.
     0 | D:1      | Reached XP level 1. HP: 18/18 MP: 1/1
   205 | D:1      | Gained mutation: You sometimes gain a little power by
                  | taking damage. [demonic ancestry]
   205 | D:1      | Reached XP level 2. HP: 24/24 MP: 2/2
   218 | D:1      | Found a faded altar of an unknown god.
   820 | D:2      | Gained mutation: You have a pair of small horns on your
                  | head. [demonic ancestry]
   820 | D:2      | Reached XP level 3. HP: 29/29 MP: 3/3
   854 | D:2      | Reached skill level 1 in Dodging
  1472 | D:3      | Noticed Ijyb
  1487 | D:3      | Killed Ijyb
  1488 | D:3      | Gained mutation: You are partially covered in large bone
                  | plates. (SH +4) [demonic ancestry]
  1488 | D:3      | Reached XP level 4. HP: 11/35 MP: 4/4
  1814 | D:3      | Found a bloodstained altar of Trog.
  1970 | D:3      | Found a shimmering altar of Xom.
  1971 | D:3      | Found a shimmering altar of Xom.
  1971 | D:3      | Found a shimmering altar of Xom.
  2005 | D:3      | HP: 1/37 [goblin (2)]
  2008 | D:3      | Slain by a hobgoblin

Illustrated notes

Levels and vault maps discovered:
D:1:      wander_arrival_desolate, layout_rooms,
          hellmonk_ecumenical_altar_heavens_door
D:2:      layout_loops_ring, corexii_leaking_fountain
D:3:      layout_basic, xom_redecorated, mainiacjoe_overflow_six_doors_small,
          uniq_ijyb

Skill      XL: |  1  2  3 |
---------------+----------+-----
Long Blades    | 2 |  2.5
Armour         | 3 |  3.2
Shields        | 3 |  3.2
Dodging        | 1 |  1.5
Fighting       | |  3.6

Action                   |  1- 3 |  4- 6 || total
-------------------------+-------+-------++-------
Melee: Long sword        |   117 |    50 ||   167
       Headbutt          |    11 |     6 ||    17
  Use: Scroll            |     4 |     2 ||     6
       Potion            |     2 |     1 ||     3
Armor: Scale mail        |    84 |       ||    84
       Chain mail        |    26 |    70 ||    96
Dodge: Dodged            |    40 |    19 ||    59
Block: Kite shield       |    79 |    76 ||   155
       Rpst.: Long sword |    14 |     4 ||    18

Table legend: (Time is in decaauts)
 A = Elapsed time spent in this place.
 B = Non-inter-level travel time spent in this place.
 C = Inter-level travel time spent in this place.
 D = Time resting spent in this place.
 E = Time spent auto-exploring this place.
 F = Levels seen in this place.
 G = Mean time per level.
                   A        B        C        D        E       F      G
               +--------+--------+--------+--------+--------+-----+--------+
         Total |   2096 |   2068 |     28 |      0 |   1617 |   3 |  698.7 |
       Dungeon |   2096 |   2068 |     28 |      0 |   1617 |   3 |  698.7 |
               +--------+--------+--------+--------+--------+-----+--------+

Top non-repeatable levels by time:
     D:2: 1059 daAuts
     D:3: 568 daAuts
     D:1: 468 daAuts
